[ AOE2 MATCH · #508123309 ]
UnrankedJapanese vs Japanese
Player's team · WIN
Rival team · LOSS
[ REPLAY ANALYSIS · EXTRACTED FROM THE RECORDED GAME ]
Feudal
8:51
Castle
25:42
Imperial
—
| APM avg | 66.7 |
| APM peak | 119 |
| eAPM avg | 27.4 |
| Villagers / military | 57 / 32 |
Focus
⚔️ 24.8% · 🌾 75.2%
Archer ×24 · Militia ×5 · Mangonel ×2 · Spearman ×1
Feudal
10:46
Castle
25:33
Imperial
—
| APM avg | 58.8 |
| APM peak | 102 |
| eAPM avg | 25.7 |
| Villagers / military | 41 / 18 |
Focus
⚔️ 28.2% · 🌾 71.8%
Archer ×14 · Militia ×3 · Mangonel ×1
Match map
Initial resources + every placement click. Lines = walls · curves = elevation contours. ◆ gold · ⬟ stone · ● berries · ✦ relic · ◌ wall gap
Your base· Open — unwalled flank
Charly's base· Open — unwalled flank
Smoothed initial terrain · ◌ = detected wall gap · hover for details
Inputs per minute
— AiM | Mr. Nobody - - Charly
Build order — AiM | Mr. Nobody
First 150 of 154 actions detected
| 0:00 | Queue | Villager (Male) |
| 0:01 | Queue | Villager (Male) |
| 0:01 | Queue | Villager (Male) |
| 0:01 | Queue | Villager (Male) |
| 0:02 | Build | House |
| 0:03 | Build | House |
| 1:25 | Queue | Villager (Male) |
| 1:55 | Queue | Villager (Male) |
| 1:58 | Build | Lumber Camp |
| 2:18 | Queue | Villager (Male) |
| 2:34 | Queue | Villager (Male) |
| 3:13 | Queue | Villager (Male) |
| 3:14 | Queue | Villager (Male) |
| 3:51 | Build | House |
| 3:59 | Queue | Villager (Male) |
| 3:59 | Queue | Villager (Male) |
| 3:59 | Queue | Villager (Male) |
| 4:07 | Queue | Villager (Male) |
| 4:52 | Queue | Villager (Male) |
| 4:52 | Queue | Villager (Male) |
| 4:55 | Queue | Villager (Male) |
| 5:02 | Build | Barracks |
| 5:33 | Queue | Villager (Male) |
| 5:54 | Research | Loom |
| 6:30 | Research | Feudal Age |
| 6:41 | Build | Mining Camp |
| 6:44 | Queue | Militia |
| 6:44 | Queue | Militia |
| 6:52 | Queue | Militia |
| 7:10 | Build | House |
| 7:36 | Build | House |
| 7:37 | Build | House |
| 8:00 | Queue | Militia |
| 8:47 | Queue | Villager (Male) |
| 8:47 | Queue | Villager (Male) |
| 8:51 | Age | Feudal Age |
| 8:57 | Build | Archery Range |
| 9:05 | Research | Man-at-Arms (upgrade) |
| 9:05 | Research | Man-at-Arms (upgrade) |
| 9:17 | Build | House |
| 9:21 | Build | Palisade Wall |
| 10:05 | Queue | Archer |
| 10:05 | Queue | Archer |
| 10:06 | Queue | Archer |
| 10:09 | Build | Palisade Wall |
| 10:11 | Build | Palisade Wall |
| 10:15 | Build | Palisade Wall |
| 10:30 | Queue | Villager (Male) |
| 10:30 | Queue | Villager (Male) |
| 10:30 | Queue | Villager (Male) |
| 10:56 | Queue | Militia |
| 11:00 | Queue | Spearman |
| 11:33 | Build | Mill |
| 12:07 | Build | Farm |
| 12:08 | Build | Farm |
| 12:09 | Build | Farm |
| 12:10 | Build | Farm |
| 12:12 | Build | Farm |
| 12:13 | Queue | Archer |
| 12:14 | Queue | Archer |
| 13:00 | Queue | Villager (Male) |
| 13:02 | Build | Farm |
| 13:26 | Queue | Archer |
| 13:27 | Queue | Archer |
| 13:27 | Queue | Villager (Male) |
| 13:28 | Queue | Villager (Male) |
| 13:32 | Build | Farm |
| 13:56 | Queue | Villager (Male) |
| 13:56 | Queue | Villager (Male) |
| 14:24 | Queue | Villager (Male) |
| 14:24 | Queue | Villager (Male) |
| 14:30 | Queue | Archer |
| 14:30 | Queue | Archer |
| 15:01 | Queue | Villager (Male) |
| 15:02 | Queue | Villager (Male) |
| 15:03 | Build | Farm |
| 15:05 | Build | Farm |
| 15:06 | Build | Farm |
| 15:10 | Build | House |
| 15:11 | Build | House |
| 15:11 | Build | House |
| 15:40 | Build | Blacksmith |
| 15:47 | Research | Double-Bit Axe |
| 15:49 | Queue | Villager (Male) |
| 15:49 | Queue | Villager (Male) |
| 15:49 | Queue | Villager (Male) |
| 16:01 | Queue | Archer |
| 16:30 | Research | Fletching |
| 16:33 | Queue | Archer |
| 16:33 | Queue | Archer |
| 17:04 | Queue | Villager (Male) |
| 17:04 | Queue | Villager (Male) |
| 17:10 | Build | Farm |
| 17:17 | Research | Padded Archer Armor |
| 17:24 | Queue | Archer |
| 17:24 | Queue | Archer |
| 17:40 | Build | House |
| 17:41 | Build | House |
| 17:42 | Build | House |
| 17:46 | Research | Town Watch |
| 17:46 | Queue | Villager (Male) |
| 17:47 | Queue | Villager (Male) |
| 17:53 | Build | Archery Range |
| 18:27 | Queue | Archer |
| 18:28 | Queue | Archer |
| 18:34 | Build | House |
| 18:36 | Build | House |
| 18:38 | Build | Palisade Wall |
| 18:40 | Build | House |
| 19:06 | Queue | Villager (Male) |
| 19:06 | Queue | Villager (Male) |
| 19:16 | Queue | Villager (Male) |
| 19:16 | Queue | Villager (Male) |
| 19:16 | Queue | Villager (Male) |
| 21:06 | Queue | Villager (Male) |
| 21:06 | Queue | Villager (Male) |
| 21:10 | Build | Farm |
| 21:14 | Queue | Archer |
| 21:14 | Queue | Archer |
| 21:21 | Research | Gold Mining |
| 21:44 | Build | Market |
| 21:53 | Queue | Archer |
| 21:54 | Queue | Archer |
| 21:54 | Queue | Archer |
| 22:18 | Build | Farm |
| 22:38 | Build | Watch Tower |
| 22:52 | Build | Farm |
| 23:02 | Research | Castle Age |
| 23:52 | Queue | Villager (Male) |
| 23:53 | Queue | Villager (Male) |
| 24:49 | Build | Farm |
| 24:49 | Build | Farm |
| 24:49 | Build | Farm |
| 24:50 | Build | Farm |
| 24:50 | Build | Farm |
| 24:58 | Queue | Archer |
| 24:58 | Queue | Archer |
| 24:58 | Queue | Archer |
| 25:42 | Age | Castle Age |
| 25:47 | Research | Bodkin Arrow |
| 25:55 | Build | Siege Workshop |
| 26:00 | Research | Crossbowman (upgrade) |
| 26:27 | Queue | Mangonel |
| 26:27 | Queue | Mangonel |
| 26:50 | Build | Lumber Camp |
| 26:57 | Queue | Villager (Male) |
| 26:57 | Queue | Villager (Male) |
| 26:58 | Queue | Villager (Male) |
| 26:58 | Queue | Villager (Male) |
| 26:58 | Queue | Villager (Male) |
Build order — Charly
122 actions detected in the replay
| 0:00 | Queue | Villager (Male) |
| 0:00 | Queue | Villager (Male) |
| 0:00 | Queue | Villager (Male) |
| 0:02 | Build | House |
| 0:04 | Build | House |
| 0:12 | Queue | Villager (Male) |
| 1:34 | Queue | Villager (Male) |
| 1:57 | Queue | Villager (Male) |
| 1:58 | Queue | Villager (Male) |
| 2:01 | Build | Lumber Camp |
| 2:31 | Queue | Villager (Male) |
| 2:55 | Queue | Villager (Male) |
| 2:55 | Queue | Villager (Male) |
| 3:10 | Queue | Villager (Male) |
| 3:33 | Build | House |
| 4:04 | Queue | Villager (Male) |
| 4:04 | Queue | Villager (Male) |
| 4:06 | Build | Mill |
| 4:58 | Queue | Villager (Male) |
| 5:01 | Queue | Villager (Male) |
| 5:01 | Queue | Villager (Male) |
| 5:26 | Build | House |
| 5:29 | Queue | Villager (Male) |
| 5:37 | Build | Barracks |
| 5:45 | Queue | Villager (Male) |
| 6:12 | Queue | Villager (Male) |
| 6:35 | Queue | Villager (Male) |
| 6:37 | Build | House |
| 7:02 | Queue | Militia |
| 7:02 | Queue | Militia |
| 7:19 | Queue | Militia |
| 7:49 | Build | Mining Camp |
| 8:05 | Research | Loom |
| 8:36 | Research | Feudal Age |
| 8:51 | Build | Palisade Wall |
| 8:56 | Build | House |
| 10:27 | Build | House |
| 10:30 | Build | Palisade Wall |
| 10:46 | Age | Feudal Age |
| 10:53 | Build | Palisade Wall |
| 10:54 | Build | Palisade Wall |
| 10:57 | Build | Palisade Wall |
| 10:58 | Build | Palisade Wall |
| 11:05 | Build | Archery Range |
| 11:38 | Queue | Archer |
| 11:43 | Build | Blacksmith |
| 11:49 | Queue | Villager (Male) |
| 11:57 | Queue | Villager (Male) |
| 12:09 | Queue | Archer |
| 12:27 | Build | Farm |
| 12:30 | Build | House |
| 12:31 | Build | Palisade Wall |
| 12:32 | Build | Palisade Wall |
| 12:59 | Build | Farm |
| 13:19 | Build | Farm |
| 13:19 | Queue | Villager (Male) |
| 13:22 | Build | Farm |
| 13:35 | Queue | Archer |
| 13:36 | Queue | Villager (Male) |
| 14:13 | Queue | Archer |
| 14:18 | Build | House |
| 14:28 | Build | House |
| 14:30 | Queue | Archer |
| 14:35 | Build | Farm |
| 14:49 | Queue | Villager (Male) |
| 14:57 | Queue | Archer |
| 15:15 | Queue | Villager (Male) |
| 15:18 | Research | Fletching |
| 15:24 | Queue | Villager (Male) |
| 15:38 | Queue | Villager (Male) |
| 15:45 | Research | Padded Archer Armor |
| 16:05 | Queue | Villager (Male) |
| 16:06 | Queue | Archer |
| 16:26 | Build | Lumber Camp |
| 16:34 | Queue | Archer |
| 16:46 | Build | Farm |
| 16:55 | Queue | Villager (Male) |
| 16:59 | Build | Farm |
| 17:03 | Queue | Archer |
| 17:20 | Queue | Archer |
| 17:21 | Queue | Villager (Male) |
| 17:28 | Build | Farm |
| 17:40 | Queue | Archer |
| 17:44 | Build | House |
| 17:45 | Build | House |
| 17:52 | Queue | Villager (Male) |
| 17:54 | Build | Farm |
| 18:37 | Queue | Archer |
| 19:08 | Queue | Archer |
| 19:19 | Build | Watch Tower |
| 19:35 | Queue | Villager (Male) |
| 19:46 | Queue | Villager (Male) |
| 19:58 | Queue | Villager (Male) |
| 20:21 | Build | Mining Camp |
| 20:26 | Queue | Villager (Male) |
| 20:51 | Build | Lumber Camp |
| 20:54 | Build | House |
| 20:56 | Build | Palisade Wall |
| 21:10 | Build | Market |
| 21:13 | Queue | Villager (Male) |
| 21:14 | Queue | Archer |
| 21:21 | Queue | Villager (Male) |
| 21:36 | Build | Palisade Wall |
| 22:53 | Research | Castle Age |
| 22:53 | Research | Castle Age |
| 23:13 | Build | Watch Tower |
| 23:39 | Build | Watch Tower |
| 24:24 | Build | House |
| 25:15 | Build | Watch Tower |
| 25:27 | Queue | Villager (Male) |
| 25:33 | Age | Castle Age |
| 25:48 | Build | Siege Workshop |
| 26:32 | Build | House |
| 26:35 | Build | Palisade Wall |
| 26:35 | Build | Palisade Wall |
| 26:45 | Queue | Mangonel |
| 26:48 | Build | Farm |
| 26:49 | Queue | Villager (Male) |
| 26:54 | Build | Farm |
| 27:01 | Build | House |
| 27:10 | Build | House |
| 27:14 | Queue | Villager (Male) |
Match timeline
| 5:02 | AiM | Mr. Nobody · first_building Barracks |
| 5:37 | Charly · first_building Barracks |
| 8:51 | AiM | Mr. Nobody · age_up feudal |
| 8:51 | Charly · wall_segment Palisade Wall x1 |
| 8:57 | AiM | Mr. Nobody · first_building Archery Range |
| 9:21 | AiM | Mr. Nobody · wall_segment Palisade Wall x7 |
| 10:09 | AiM | Mr. Nobody · wall_segment Palisade Wall x1 |
| 10:11 | AiM | Mr. Nobody · wall_segment Palisade Wall x1 |
| 10:15 | AiM | Mr. Nobody · wall_segment Palisade Wall x1 |
| 10:30 | Charly · wall_segment Palisade Wall x1 |
| 10:46 | Charly · age_up feudal |
| 10:53 | Charly · wall_segment Palisade Wall x1 |
| 10:54 | Charly · wall_segment Palisade Wall x1 |
| 10:57 | Charly · wall_segment Palisade Wall x1 |
| 10:58 | Charly · wall_segment Palisade Wall x1 |
| 11:05 | Charly · first_building Archery Range |
| 12:31 | Charly · wall_segment Palisade Wall x1 |
| 12:32 | Charly · wall_segment Palisade Wall x1 |
| 18:38 | AiM | Mr. Nobody · wall_segment Palisade Wall x1 |
| 20:56 | Charly · wall_segment Palisade Wall x1 |
| 21:36 | Charly · wall_segment Palisade Wall x4 |
| 22:08 | Charly · first_market_sell 100 wood |
| 24:46 | Charly · first_market_buy 100 stone |
| 25:33 | Charly · age_up castle |
| 25:42 | AiM | Mr. Nobody · age_up castle |
| 25:48 | Charly · first_building Siege Workshop |
| 25:55 | AiM | Mr. Nobody · first_building Siege Workshop |
| 26:35 | Charly · wall_segment Palisade Wall x1 |
| 26:35 | Charly · wall_segment Palisade Wall x1 |
| 27:47 | Charly · resign |
[ AI ANALYSIS · 1 CREDIT ]
What really happened in this match?
Wolo.gg analyzes every decision: build order, eco, micro, common mistakes by bracket. Personalized analysis on WhatsApp or Discord in 30 seconds.
Civ guide
Japanese
Perfil
Jugador #25339047